 Dungeon Crawl Stone Soup version 0.30.1-11-g7821555f0a (webtiles) character file.

Game seed: 2270728609519374328

1549 FakeRyeBread the Ruffian (level 8, -12/80 HPs)
             Began as a Troll Fighter on Nov 16, 2023.
             Was an Initiate of Wu Jian.
             Killed from afar by an electric eel (14 damage)
             ... with a bolt of electricity
             ... on level 6 of the Dungeon.
             The game lasted 00:08:24 (3809 turns).

FakeRyeBread the Ruffian (Troll Fighter)            Turns: 3809, Time: 00:08:25

Health: -12/80     AC:  7    Str: 25    XL:     8   Next: 57%
Magic:  7/7        EV:  9    Int:  6    God:    Wu Jian [......]
Gold:   254        SH: 10    Dex:  9    Spells: 7/7 levels left

rFire   + .          .
                       - Unarmed
rCold   . . .        b - +2 kite shield
rNeg    . . .        a - +0 robe
rPois   .            (helmet restricted)
rElec   .            o - +2 cloak
rCorr   .            (gloves unavailable)
SInv    .            (boots unavailable)
Will    .....        (no amulet)
Stlth   +            h - ring of flight
HPRegen 1.13/turn    m - ring of protection from fire
MPRegen 0.10/turn

%: no passive effects
@: flying
A: large, unfitting armour, claws 3, regeneration 1, shaggy fur 1, tough skin 1
a: Renounce Religion


You were on level 6 of the Dungeon.
You worshipped Wu Jian.
Wu Jian was noncommittal.
You visited 2 branches of the dungeon, and saw 7 of its levels.

You collected 254 gold pieces.

Inventory:

Missiles
 j - 2 curare-tipped darts (quivered)
 l - a boomerang
 u - 10 poisoned darts
Armour
 a - a +0 robe (worn)
 b - a +2 kite shield (worn)
 o - a +2 cloak (worn)
Jewellery
 g - an amulet of magic regeneration
 h - a ring of flight (left claw)
 m - a ring of protection from fire (right claw)
 q - a ring of protection from cold
Scrolls
 k - 4 scrolls of teleportation
 s - a scroll of amnesia
Potions
 c - a potion of might
 d - 8 potions of curing
 e - 2 potions of lignification
 f - a potion of brilliance {unknown}
 i - a potion of flight {unknown}
 n - a potion of attraction {unknown}
 t - a potion of mutation {unknown}
 v - 2 potions of magic


   Skills:
 + Level 5.0 Fighting
 - Level 2.4 Dodging
 + Level 5.6 Shields
 * Level 7.9 Unarmed Combat


You had 7 spell levels left.
You didn't know any spells.
Your spell library contained the following spells:

 Spells                   Type           Power      Damage    Failure   Level
 Apportation              Tloc           0%         N/A       67%         1
 Beastly Appendage        Tmut           0%         N/A       67%         1
 Necrotise                Necr           0%         1d4       67%         1
 Summon Small Mammal      Summ           0%         N/A       67%         1
 Lesser Beckoning         Tloc           0%         N/A       82%         2
 Wereblood                Tmut           0%         N/A       82%         2
 Gell's Gravitas          Tloc           0%         N/A       96%         3
 Spider Form              Tmut/Pois      0%         N/A       96%         3
 Teleport Other           Tloc           0%         N/A       96%         3
 Vhi's Electric Charge    Tloc/Air       0%         N/A       96%         3
 Volatile Blastmotes      Fire/Tloc      0%         2d10      96%         3
 Fulminant Prism          Conj/Hex       0%         3d5       100%        4
 Iskenderun's Mystic Bla  Conj/Tloc      0%         2d3       100%        4
 Arcjolt                  Conj/Air       0%         1d10      100%        5
 Lee's Rapid Deconstruct  Erth           0%         3d4*      100%        5
 Maxwell's Capacitive Co  Air            0%         ∞         100%        8


Dungeon Overview and Level Annotations

Branches:
Dungeon (6/15)             Temple (1/1) D:6

Altars:
Ashenzari
Cheibriados
Dithmenos
Gozag
Ru
Sif Muna
Trog
Uskayaw
Wu Jian
Xom
Zin
The Shining One

Annotations:
D:3 2 transporters, KittyFluff's ghost, amateur GrBe


Innate Abilities, Weirdness & Mutations

You are too large for most types of armour.
You have claws for hands.
Your natural rate of healing is unusually fast.
You are covered in fur. (AC +1)
You have tough skin. (AC +1)


Message History

The electric eel shoots out a bolt of lightning at you!
The bolt of electricity hits the electric eel.
The electric eel completely resists.
The bolt of electricity hits you!
The electric eel shoots out a bolt of lightning at you!
The bolt of electricity hits the electric eel.
The electric eel completely resists.
The bolt of electricity hits you!
The electric eel shoots out a bolt of lightning at you!
The bolt of electricity hits you!
The electric eel shoots out a bolt of lightning at you!
The bolt of electricity hits you!
You scratch the electric eel.
The electric eel is lightly wounded.
The electric eel shoots out a bolt of lightning at you!
The bolt of electricity misses you.
You barely miss the electric eel.
The electric eel is lightly wounded.
The electric eel shoots out a bolt of lightning at you!
The bolt of electricity hits you!
The electric eel shoots out a bolt of lightning at you!
The bolt of electricity hits the electric eel.
The electric eel completely resists.
The bolt of electricity hits you!
* * * LOW HITPOINT WARNING * * *
You claw the electric eel!
You kill the electric eel!
The Council accepts your kill.
You hear a splash.
You claw the electric eel!
The electric eel is heavily wounded.
The electric eel shoots out a bolt of lightning at you!
The bolt of electricity hits you!
* * * LOW HITPOINT WARNING * * *
You miss the electric eel.
The electric eel is heavily wounded.
The electric eel shoots out a bolt of lightning at you!
The bolt of electricity hits the electric eel.
The electric eel completely resists.
The bolt of electricity hits you!
* * * LOW HITPOINT WARNING * * *
The electric eel shoots out a bolt of lightning at you!
The bolt of electricity hits you!
You die...

#....###.........
#....'.#.........
#....'.'.........
##....###.........
##.#####
#....#...# #~##
~##~.###.## ##~~#
~~##~~.#~~≈# #~~~#
~~~~##~~~~~~.
#~~@# ~≈≈≈S
##.#~.~~
#~~S#~~≈≈≈≈
##..#.~
#≈~~S~≈~~~≈ ##.##P
#≈≈~~~≈~~~≈ ## #.
#≈~≈≈≈≈#.~~ ..
#~~≈≈~~# .~ ##.
#~~~~~~# ##
#~~~#~~# #~~~#~~#


You could see 2 electric eels.

Vanquished Creatures
  A water moccasin (D:5)
  A sky beast (D:6)
  4 black bears
  2 ogres (D:6)
  A phantom (D:4)
  4 scorpions
  An electric eel (D:6)
  An orc priest (D:6)
  A gnoll bouda (D:5)
  A hound (D:5)
  Crazy Yiuf (D:3)
  Jessica (D:3)
  An iguana (D:5)
  3 orc wizards
  11 gnolls
  4 adders
  4 worms
  4 dart slugs
  The ghost of Esekla the Magician, a weakling DEWn of Vehumet (D:4)
  13 orcs
  2 endoplasms (D:1)
  3 giant cockroaches
  5 goblins
  3 hobgoblins
  4 jackals (D:1)
  2 quokkas
  5 ball pythons
  5 bats
  8 frilled lizards
  6 kobolds
  6 rats
109 creatures vanquished.

Notes
Turn   | Place    | Note
-------+----------+-------------------------------------------
     0 | D:1      | FakeRyeBread the Troll Fighter began the quest for the Orb.
     0 | D:1      | Reached XP level 1. HP: 22/22 MP: 0/0
     8 | D:1      | Found a bloodstained altar of Trog.
   148 | D:1      | Reached XP level 2. HP: 29/29 MP: 1/1
   154 | D:1      | Found a faded altar of an unknown god.
   595 | D:2      | Reached skill level 3 in Unarmed Combat
   595 | D:2      | Reached XP level 3. HP: 32/36 MP: 2/2
   919 | D:2      | Found an opulent altar of Gozag.
   954 | D:2      | Reached XP level 4. HP: 44/44 MP: 3/3
  1175 | D:3      | Found a transporter.
  1397 | D:3      | Found a runed translucent door.
  1398 | D:3      | Noticed Crazy Yiuf
  1416 | D:3      | Noticed KittyFluff's ghost (amateur GrBe)
  1428 | D:3      | Found a sacrificial altar of Ru.
  1428 | D:3      | Found a shimmering altar of Xom.
  1457 | D:3      | Reached skill level 4 in Unarmed Combat
  1457 | D:3      | Reached XP level 5. HP: 49/53 MP: 4/4
  1522 | D:3      | Noticed Jessica
  1527 | D:3      | Killed Jessica
  1733 | D:3      | Found a transporter.
  2077 | D:3      | Killed Crazy Yiuf
  2164 | D:4      | Noticed a phantom
  2173 | D:4      | Killed a phantom
  2174 | D:4      | Reached XP level 6. HP: 54/61 MP: 5/5
  2389 | D:4      | Reached skill level 5 in Unarmed Combat
  2538 | D:4      | You are sucked into a shaft and drop 1 floor!
  2538 | D:5      | Entered Level 5 of the Dungeon
  2542 | D:5      | Noticed a water moccasin
  2557 | D:5      | Killed a water moccasin
  2562 | D:5      | Reached XP level 7. HP: 22/68 MP: 6/6
  2633 | D:5      | Reached skill level 6 in Unarmed Combat
  2994 | D:4      | Found a runed translucent door.
  2999 | D:4      | Noticed Esekla's ghost (weakling DEWn)
  3006 | D:4      | Killed Esekla's ghost
  3185 | D:5      | Found an opulent altar of Gozag.
  3194 | D:5      | Reached skill level 5 in Shields
  3212 | D:5      | Reached XP level 8. HP: 79/79 MP: 7/7
  3511 | D:6      | Reached skill level 7 in Unarmed Combat
  3662 | D:6      | Found a staircase to the Ecumenical Temple.
  3671 | Temple   | Entered the Ecumenical Temple
  3711 | Temple   | Became a worshipper of the Wu Jian Council
  3799 | D:6      | Reached skill level 5 in Fighting
  3809 | D:6      | HP: 2/80 [electric eel/bolt of electricity (7)]
  3809 | D:6      | Killed from afar by an electric eel

Illustrated notes

Levels and vault maps discovered:
D:1:      dpeg_arrival_lava_altar, layout_rooms,
          dreamdust_ecumenical_altar_hidden_monk_grotto
D:2:      layout_loops_ring, basic_altar, hangedman_decor_clover_reticule,
          minmay_hexomino_u4
D:3:      wander_river, layout_loops_ring, mainiacjoe_overflow_large_starburst,
          gammafunk_ghost_mausoleum, minmay_door_square, uniq_jessica,
          uniq_crazy_yiuf_cottage
D:4:      layout_loops_ring, ebering_ghost_reflecting_pool
D:5:      layout_cave_pools, grunt_gozag_statues
D:6:      wad_lake_hut, layout_rooms, marbit_many_paths,
          minmay_temple_entry_offerings, minmay_holes
Temple:   nicolae_temple_cloud_nine

Skill      XL: |  1  2  3  4  5  6  7  8 |
---------------+-------------------------+-----
Shields        | 3 4 5 |  5.6
Unarmed Combat | 3 4 5 6 7 |  7.9
Fighting       | 3 4 5 |  5.0
Dodging        | |  2.4

Action                     |  1- 3 |  4- 6 |  7- 9 || total
---------------------------+-------+-------+-------++-------
  Melee: Unarmed           |   110 |   101 |   136 ||   347
  Throw: Dart              |       |     2 |       ||     2
Ability: Lunge             |       |       |     3 ||     3
    Use: Scroll            |       |     7 |     6 ||    13
         Potion            |       |       |     1 ||     1
 Armour: Robe              |    37 |    38 |    53 ||   128
  Dodge: Dodged            |    47 |    34 |    49 ||   130
  Block: Kite shield       |    54 |    41 |    58 ||   153
